 Dungeon Crawl Stone Soup version 0.20.1-1-g8b1a95d (webtiles) character file.

95 letownia2 the Grave Robber (level 4, 7/36 HPs)
             Began as a Deep Dwarf Necromancer on Dec 4, 2017.
             Quit the game on level 4 of the Dungeon.
             The game lasted 00:03:05 (1092 turns).

letownia2 the Grave Robber (Deep Dwarf Necromancer) Turns: 1092, Time: 00:03:06

Health: 7/36       AC:  4    Str: 12    XL:     4   Next: 40%
Magic:  1/7        EV: 12    Int: 16    God:
Gold:   19         SH:  0    Dex: 13    Spells: 3/7 levels left

rFire    . . .     SeeInvis .   h - +0 spear
rCold    . . .     Gourm    .   (no shield)
rNeg     . . .     Faith    +   k - +0 leather armour (curse)
rPois    .         Spirit   .   g - +0 helmet
rElec    .         Reflect  .   (no cloak)
rCorr    .         Harm     .   (no gloves)
MR       .....                  (no boots)
Stlth    +.........             j - amulet of faith
Regen    0.0/turn               (no ring)
MPRegen  0.1/turn               (no ring)

@: confused, mildly poisoned (7 -> 7), non-regenerating
A: damage resistance, heal wounds, sense surroundings 1, no regeneration
a: Heal Wounds


You were on level 4 of the Dungeon.
You were not hungry.

You visited 1 branch of the dungeon, and saw 4 of its levels.

You collected 19 gold pieces.

Inventory:

Hand Weapons
 h - a +0 spear (weapon)
Armour
 a - a +0 robe
 g - a +0 helmet (worn)
 k - a cursed +0 leather armour (worn)
Jewellery
 j - an amulet of faith (around neck)
Scrolls
 d - a scroll of random uselessness {unknown}
 e - 2 scrolls of identify {unknown}
 f - a scroll of immolation {unknown}
Books
 b - a book of Necromancy

   Spells                             Type                      Level
   a - Pain                           Necromancy                   1
   b - Animate Skeleton               Necromancy                   1
   c - Vampiric Draining              Necromancy                   3
   d - Regeneration                   Charms/Necromancy            3
   e - Animate Dead                   Necromancy                   4
   f - Control Undead                 Necromancy                   4
Comestibles
 c - a bread ration
 i - 6 chunks of flesh


   Skills:
 - Level 2.1 Dodging
 - Level 2.4 Stealth
 - Level 2.0 Spellcasting
 + Level 6.3 Necromancy


You had 3 spell levels left.
You knew the following spells:

 Your Spells              Type           Power        Failure   Level  Hunger
a - Pain                  Necr           ###.         1%          1    #......
v - Vampiric Draining     Necr           ###.......   6%          3    ###....


Dungeon Overview and Level Annotations

Branches:
Dungeon (4/15)
 Temple: D:4-7

Altars:

Annotations:
D:4 Sigmund; ak87's ghost, amateur DgTm


Innate Abilities, Weirdness & Mutations

You are resistant to damage.
You can heal yourself by infusing magical energy.
You passively map a small area around you.
You do not regenerate.


Message History

Press: ? - help, Shift-Dir - straight line, f/p - worker ant
Aim: a worker ant (severely wounded, chance to defeat MR: 86%)
The worker ant writhes in agony!
You kill the worker ant!
The orc throws a stone.
The stone hits you but does no damage.
Casting: Pain
Confirm with . or Enter, or press ? or * to list all spells.
Aiming: Pain
Press: ? - help, Shift-Dir - straight line, f - Sigmund
Aim: Sigmund, wielding a scythe and wearing a robe (chance to defeat MR: 86%) Sigmund writhes in agony!
The orc throws a stone.
The stone hits you but does no damage.
Sigmund points at you and mumbles some strange words.
You are confused.
You're too confused to cast spells.
You're too confused!
Unknown command.
Unknown command.
Unknown command.
Are you sure you want to abandon this character and quit the game? (Confirm with "yes".)

#.##.#.#####W#
#. #
#.##.........#
* ,# *
#............#
,#
,######.#####.*
# , , #a# , ,,
, # , * #o##
########### *
#..#
#.......... ,
##.# *
#.######### ,
#@#* *
#.##<...... *
#(.# *
#.######### *
##@#
#.........# .#
* #########..
.#* , #.. .? ,*
#.. #. #.. .#
#.# ,* #.#


You could see Sigmund, a worker ant and an orc.

Vanquished Creatures
  3 worker ants (D:4)
  A dart slug (D:2)
  2 leopard geckos
  3 orcs (D:4)
  3 bats
  A hobgoblin (D:3)
  2 quokkas
  A ball python (D:2)
  A jackal skeleton (D:4)
  2 rats
19 creatures vanquished.

Notes
Turn   | Place    | Note
-------+----------+-------------------------------------------
     0 | D:1      | letownia2 the Deep Dwarf Necromancer began the quest for the Orb.
     0 | D:1      | Reached XP level 1. HP: 15/15 MP: 3/3
   214 | D:2      | Reached XP level 2. HP: 22/22 MP: 1/5
   615 | D:4      | Reached skill level 5 in Necromancy
   615 | D:4      | Reached XP level 3. HP: 10/28 MP: 0/6
   657 | D:4      | Learned a level 3 spell: Vampiric Draining
  1033 | D:4      | Reached skill level 6 in Necromancy
  1033 | D:4      | Reached XP level 4. HP: 24/36 MP: 0/7
  1041 | D:4      | Noticed ak87's ghost (amateur DgTm)
  1082 | D:4      | Noticed Sigmund
  1092 | D:4      | Quit the game

Skill      XL: |  1  2  3 |
---------------+----------+-----
Spellcasting   | 2 |  2.0
Necromancy     | 5 6 |  6.3
Dodging        | |  2.1
Stealth        | |  2.4

Action                   |  1- 3 |  4- 6 || total
-------------------------+-------+-------++-------
Melee: Unarmed           |     5 |       ||     5
       Spear             |    12 |       ||    12
 Cast: Pain              |    37 |     5 ||    42
       Vampiric Draining |     5 |       ||     5
 Stab: Sleeping          |     1 |       ||     1
       Distracted        |     1 |       ||     1
  Eat: Chunk             |     2 |       ||     2
Armor: Robe              |     7 |       ||     7
       Leather armour    |     1 |     2 ||     3
Dodge: Dodged            |    36 |     6 ||    42
